 Dungeon Crawl Stone Soup version 0.20-a0-830-g2c9a30d (webtiles) character file.

226 M4edhros the Slasher (level 6, -8/43 HPs)
             Began as an Octopode Fighter on Mar 7, 2017.
             Mangled by an orc
             ... wielding a +0 mace
              (10 damage)
             ... on level 4 of the Dungeon.
             The game lasted 00:01:13 (1172 turns).

M4edhros the Slasher (Octopode Fighter)             Turns: 1172, Time: 00:01:13

Health: -8/43      AC:  1    Str: 15    XL:     6   Next: 1%
Magic:  6/6        EV: 12    Int: 11    God:
Gold:   62         SH:  9    Dex: 13    Spells: 5/5 levels left

rFire    . . .     SeeInvis .   a - +0 long sword
rCold    . . .     Gourm    +   b - +0 shield
rNeg     . . .     Faith    .   (helmet restricted)
rPois    .         Spirit   .   f - amulet of the gourmand
rElec    .         Reflect  .   (no ring)
rCorr    .         Harm     .   (no ring)
MR       .....                  (no ring)
Stlth    ++........             (no ring)
Regen    0.2/turn               (no ring)
MPRegen  0.1/turn               (no ring)
                                (no ring)
                                (no ring)

@: lethally poisoned (-8 -> -11)
A: almost no armour, stealthy swim, amphibious, 8 rings, constrict 8, camouflage
1, gelatinous body 1
a: no special abilities


You were on level 4 of the Dungeon.
You were not hungry.

You visited 1 branch of the dungeon, and saw 4 of its levels.

You collected 62 gold pieces.

Inventory:

Hand Weapons
 a - a +0 long sword (weapon)
Armour
 b - a +0 shield (worn)
Jewellery
 f - an amulet of the gourmand (around mantle)
Scrolls
 c - a scroll of amnesia {unknown}
 h - a scroll of remove curse {unknown}
Books
 e - a book of Minor Magic

   Spells                             Type                      Level
   a - Magic Dart                     Conjuration                  1
   b - Blink                          Translocation                2
   c - Call Imp                       Summoning                    2
   d - Slow                           Hexes                        2
   e - Conjure Flame                  Conjuration/Fire             3
   f - Mephitic Cloud                 Conjuration/Poison/Air       3
Comestibles
 d - 3 bread rations
 g - 2 fruits
 i - a royal jelly
 j - a meat ration


   Skills:
 + Level 3.7 Fighting
 * Level 4.0 Long Blades
 + Level 4.0 Dodging
 + Level 4.0 Shields


You had 5 spell levels left.
You didn't know any spells.

Dungeon Overview and Level Annotations

Branches:
Dungeon (4/15)
 Temple: D:4-7

Altars:
Ashenzari


Innate Abilities, Weirdness & Mutations

You cannot wear most types of armour.
You are very stealthy in the water. (Stealth+)
You are amphibious.
You can wear up to eight rings at the same time.
You can use your tentacles to constrict eight enemies at once.
Your skin changes colour to match your surroundings (Stealth+).
Your rubbery body absorbs attacks. (AC +1, EV +1)


Message History

A magic dart appears from out of thin air!
The magic dart hits you!
* * * LOW HITPOINT WARNING * * *
Unknown command.
You hit the adder.
You kill the adder!
Your Long Blades skill increases to level 4!
You have reached level 6!
Your experience leads to an increase in your attributes!
Increase (S)trength, (I)ntelligence, or (D)exterity?
You feel agile.
You constrict the orc.
You feel sick. The orc misses you. Something hits you.
* * * LOW HITPOINT WARNING * * *
You aren't carrying any potions.
Your shield prevents you from hitting the orc.
The orc is moderately wounded.
You constrict the orc. Something hits you.
* * * LOW HITPOINT WARNING * * *
The orc hits you with a mace!
You die...

.#.#.#.#.#
.#.#.#.#.# ..
...#.#.#. .#
####...#.########.#
#
.......#........#.#
#.#
######.##......# .#
..
#.##......##.#.##.#
#.##.......{†......
#..........@o.###.
######......).#
..........)#
.............
...............
.###............#
#............#
#######......#


You could see an orc.

Vanquished Creatures
  The ghost of M4edhros the Shield-Bearer, a weakling OpFi (D:3)
  2 orc priests (D:4)
  2 worker ants (D:4)
  3 adders
  2 gnolls
  An ooze (D:2)
  3 dart slugs
  A leopard gecko (D:1)
  2 bats
  A giant cockroach (D:3)
  3 hobgoblins
  3 jackals (D:3)
  A kobold (D:1)
  5 rats
30 creatures vanquished.

Notes
Turn   | Place    | Note
-------+----------+-------------------------------------------
     0 | D:1      | M4edhros the Octopode Fighter began the quest for the Orb.
     0 | D:1      | Reached XP level 1. HP: 16/16 MP: 1/1
   128 | D:1      | Found a shattered altar of Ashenzari.
   213 | D:1      | Reached XP level 2. HP: 21/21 MP: 2/2
   528 | D:2      | Reached XP level 3. HP: 15/26 MP: 3/3
   711 | D:3      | Noticed M4edhros's ghost (weakling OpFi)
   719 | D:3      | Killed M4edhros's ghost
   719 | D:3      | Reached XP level 4. HP: 18/31 MP: 4/4
   774 | D:3      | Reached XP level 5. HP: 10/36 MP: 5/5
  1171 | D:4      | Reached XP level 6. HP: 9/43 MP: 6/6
  1172 | D:4      | HP: 2/43 [something (5)]
  1172 | D:4      | Mangled by an orc

Vault maps used:
D:1:      minmay_arrival_widening_spiral_wide, ashenzari_altar_1
D:3:      overflow_temple_1_default, chequers_ecumenical_altar_grove,
          first_bread, minmay_misc_feat_x
D:4:      temple_statues

Skill      XL: |  1  2  3  4  5 |
---------------+----------------+-----
Long Blades    | 3 4 |  4.0
Dodging        | 4 |  4.0
Shields        | 4 |  4.0
Fighting       | |  3.7

Action                   |  1- 3 |  4- 6 || total
-------------------------+-------+-------++-------
Melee: Long sword        |    30 |    29 ||    59
       Constrict         |    10 |    12 ||    22
       Tentacles         |     9 |    10 ||    19
  Use: Potion            |     2 |       ||     2
 Stab: Sleeping          |     6 |       ||     6
  Eat: Chunk             |       |     1 ||     1
Armor: Skin              |     4 |     2 ||     6
Dodge: Dodged            |     9 |    25 ||    34
Block: Shield            |     7 |    14 ||    21
       Rpst.: Long sword |       |     8 ||     8
